 Dungeon Sprint DCSS version 0.27-a0-1158-gaa87e14f67 (webtiles) character file.

Game seed: 16621556458475715795

88 mhtbhm the Digger (level 4, -1/36 HPs)
             Began as a Deep Elf Earth Elementalist on May 15, 2021.
             Was a Priest of Vehumet.
             Slain by Edmund
             ... wielding a +4 dire flail of protection
              (10 damage)
             ... in the Dungeon (Sprint VII: "The Pits").
             The game lasted 00:02:37 (770 turns).

mhtbhm the Digger (Deep Elf Earth Elementalist)      Turns: 770, Time: 00:02:38

Health: -1/36      AC:  9    Str:  5    XL:     4   Next: 30%
Magic:  1/14       EV: 13    Int: 21    God:    Vehumet [***...]
Gold:   0          SH:  0    Dex: 15    Spells: 9/15 levels left

rFire    . . .     SeeInvis .   l - +2 dagger (protect)
rCold    . . .     Faith    .   (no shield)
rNeg     . . .     Spirit   .   c - +0 robe
rPois    .         Reflect  .   (no helmet)
rElec    .         Harm     .   (no cloak)
rCorr    .         Rampage  .   (no gloves)
Will     .....     NoTele   +   (no boots)
Stlth    ..........             (no amulet)
HPRegen  0.12/turn              (no ring)
MPRegen  0.14/turn              (no ring)

@: berserking, under a protective aura, very quick
A: no striking features
a: Renounce Religion


You were in the Dungeon.
You worshipped Vehumet.
Vehumet was most pleased with you.
You visited 1 branch

Inventory:

Hand Weapons
 l - a +2 dagger of protection (weapon)
Missiles
 b - 17 stones
Armour
 c - a +0 robe (worn)
Scrolls
 i - a scroll of blinking
 j - 5 scrolls of amnesia
 k - a scroll of summoning
Potions
 a - a potion of invisibility
 d - 5 potions of curing
 e - 3 potions of heal wounds
 g - 4 potions of magic
 h - a potion of berserk rage


   Skills:
 + Level 4.2 Dodging
 + Level 3.2 Stealth
 + Level 6.4 Spellcasting
 + Level 1.2 Transmutations
 + Level 7.8 Earth Magic


You had 9 spell levels left.
You knew the following spells:

 Your Spells              Type           Power      Damage    Failure   Level
a - Sandblast             Erth           78%        2d17      1%          1
b - Passwall              Tmut/Erth      20%        N/A       2%          2
c - Stone Arrow           Conj/Erth      46%        3d9       1%          3

Your spell library contained the following spells:

 Spells                   Type           Power      Damage    Failure   Level
 Freeze                   Ice            24%        1d5       2%          1
 Lee's Rapid Deconstruct  Erth           19%        3d12*     3%          5
 Petrify                  Tmut/Erth      25%        N/A       14%         4


Dungeon Overview and Level Annotations

Branches:
Dungeon (1/1)

Altars:
Ashenzari
Cheibriados
Dithmenos
Elyvilon
Fedhas
Gozag
Hepliaklqana
Kikubaaqudgha
Makhleb
Nemelex Xobeh
Okawaru
Qazlal
Ru
Sif Muna
Trog
Uskayaw
Vehumet
Wu Jian
Xom
Yredelemnul
Zin
The Shining One
Beogh
Jiyva
Lugonu

Annotations:
D Edmund


Message History

Ouch! That really hurt!
Casting: Stone Arrow (safe; 1% risk of failure)
Confirm with . or Enter, or press ? or * to list all spells.
Aiming: Sandblast (safe; 1% risk of failure)
Press: ? - help, Shift-Dir - straight line, f/p - Edmund
Aim: Edmund, wielding a +4 dire flail of protection and wearing a +0 chain mail (severely wounded, 87% to hit)
The blast of sand misses Edmund.
Edmund hits you with a +4 dire flail of protection.
Unknown command.
You feel much better.
Edmund drinks a potion.
Edmund is healed!
Casting: Sandblast (safe; 1% risk of failure)
Confirm with . or Enter, or press ? or * to list all spells.
Aiming: Sandblast (safe; 1% risk of failure)
Press: ? - help, Shift-Dir - straight line, f/p - Edmund
Aim: Edmund, wielding a +4 dire flail of protection and wearing a +0 chain mail (87% to hit)
The blast of sand hits Edmund but does no damage.
Edmund hits you with a +4 dire flail of protection!
Unknown command.
A red film seems to cover your vision as you go berserk!
You feel yourself moving faster!
You feel mighty!
Edmund hits you with a +4 dire flail of protection!
You hit Edmund.
Your weapon exudes an aura of protection.
Edmund is lightly wounded.
Edmund misses you.
You closely miss Edmund.
Edmund is lightly wounded.
You completely miss Edmund.
Edmund is lightly wounded.
Edmund hits you with a +4 dire flail of protection.
* * * LOW HITPOINT WARNING * * *
You hit Edmund.
Edmund is moderately wounded.
Edmund misses you.
You puncture Edmund!
Edmund is moderately wounded.
You barely miss Edmund.
Edmund is moderately wounded.
Edmund hits you with a +4 dire flail of protection!
You die...

############ #_________.#
#_________.#
#_______...###########++######
##########'##................#
#.?..')))'.##......#..#......#
##########.##)...............+
#...........'@@...........†..+
#'#####'#####......#..#......#
#.#..#..#..##................#
#l#..)..'..#####'#####++######
#S##'####'###.......#
#.#..†.....##.......#
#o#........##.......#
#.#####'#####...<...#
#.#...)))[.##.......#


You could see Edmund.

Vanquished Creatures
  A scorpion (D)
  An adder (D)
  An ufetubus (D)
  An adder zombie (D)
  2 orcs (D)
  A bat skeleton (D)
  A bat zombie (D)
  A giant cockroach (D)
  A goblin (D)
  2 hobgoblins (D)
  A frilled lizard (D)
13 creatures vanquished.

Notes
Turn   | Place    | Note
-------+----------+-------------------------------------------
     0 | D        | mhtbhm the Deep Elf Earth Elementalist began the quest for
                  | the Orb.
     0 | D        | Reached XP level 1. HP: 10/10 MP: 6/6
    75 | D        | Found a bloodstained altar of Trog.
    75 | D        | Found a shimmering blue altar of Sif Muna.
    75 | D        | Found a viscous altar of Jiyva.
    75 | D        | Found a hazy altar of Hepliaklqana.
    75 | D        | Found an opulent altar of Gozag.
    76 | D        | Found a glowing golden altar of the Shining One.
    76 | D        | Found a glowing silver altar of Zin.
    76 | D        | Found a basalt altar of Yredelemnul.
    76 | D        | Found a shimmering altar of Xom.
    76 | D        | Found an ornate altar of the Wu Jian Council.
    76 | D        | Found a sacrificial altar of Ru.
    76 | D        | Found a stormy altar of Qazlal.
    76 | D        | Found an iron altar of Okawaru.
    76 | D        | Found a sparkling altar of Nemelex Xobeh.
    76 | D        | Found a burning altar of Makhleb.
    76 | D        | Found a blossoming altar of Fedhas.
    76 | D        | Found a white marble altar of Elyvilon.
    76 | D        | Found a shadowy altar of Dithmenos.
    76 | D        | Found a snail-covered altar of Cheibriados.
    78 | D        | Found a radiant altar of Vehumet.
    78 | D        | Found a corrupted altar of Lugonu.
    79 | D        | Found a hide-covered altar of Uskayaw.
    79 | D        | Found an ancient bone altar of Kikubaaqudgha.
    79 | D        | Found a broken altar of Ashenzari.
    86 | D        | Became a worshipper of Vehumet
   130 | D        | Noticed a scorpion
   162 | D        | Killed a scorpion
   163 | D        | Reached skill level 5 in Spellcasting
   163 | D        | Reached skill level 7 in Earth Magic
   163 | D        | Reached XP level 2. HP: 15/15 MP: 1/10
   163 | D        | Reached XP level 3. HP: 19/19 MP: 1/11
   341 | D        | Learned a level 2 spell: Passwall
   345 | D        | Learned a level 3 spell: Stone Arrow
   370 | D        | Reached * piety under Vehumet
   370 | D        | Offered knowledge of Shock by Vehumet.
   401 | D        | Reached ** piety under Vehumet
   402 | D        | Reached XP level 4. HP: 24/24 MP: 10/13
   543 | D        | Noticed Edmund
   546 | D        | Offered knowledge of Freeze by Vehumet.
   583 | D        | Reached *** piety under Vehumet
   770 | D        | Slain by Edmund

Illustrated notes

Levels and vault maps discovered:
D:        pitsprint [storerooms_1, entrance_room_1, metal_vault_3, armoury_2,
          mini_pit_1, grid_room_1, main_hall_1, silver_pit, the_coven_3,
          the_vestibule_1, steel_vault_2, golden_pit, hallway_of_sentries,
          crystal_vault_6, iron_vault_1, final_vault]

Skill      XL: |  1  2  3  4 |
---------------+-------------+-----
Dodging        | 3 4 |  4.2
Stealth        | 3 |  3.2
Spellcasting   | 5 6 |  6.4
Earth Magic    | 7 |  7.8
Transmutations | |  1.2

Action                   |  1- 3 |  4- 6 || total
-------------------------+-------+-------++-------
Melee: Dagger            |     3 |     6 ||     9
 Cast: Sandblast         |    15 |     8 ||    23
       Stone Arrow       |       |    10 ||    10
  Use: Potion            |     3 |     5 ||     8
Armor: Robe              |     2 |       ||     2
Dodge: Dodged            |     4 |     4 ||     8

Table legend: (Time is in decaauts)
 A = Elapsed time spent in this place.
 B = Non-inter-level travel time spent in this place.
 C = Inter-level travel time spent in this place.
 D = Time resting spent in this place.
 E = Time spent auto-exploring this place.
 F = Levels seen in this place.
 G = Mean time per level.
                   A        B        C        D        E       F      G
               +--------+--------+--------+--------+--------+-----+--------+
         Total |    765 |    765 |      0 |    516 |      0 |   1 |  765.0 |
       Dungeon |    765 |    765 |      0 |    516 |      0 |   1 |  765.0 |
               +--------+--------+--------+--------+--------+-----+--------+

Top non-repeatable levels by time:
       D: 765 daAuts
